 Dungeon Crawl Stone Soup version 0.26-a0-52-gd53d4cd (webtiles) character file.

Game seed: 14706976133877488905

882 thirtiethelement the Shield-Bearer (level 8, -8/67 HPs)
             Began as a Gnoll Fighter on June 7, 2020.
             Was an Initiate of Okawaru.
             Mangled by Duvessa
             ... wielding a +0 rapier
              (14 damage)
             ... on level 5 of the Dungeon.
             The game lasted 00:06:25 (3339 turns).

thirtiethelement the Shield-Bearer (Gnoll Fighter)  Turns: 3339, Time: 00:06:25

Health: -8/67      AC:  0    Str: 20    XL:     8   Next: 5%
Magic:  12/12      EV: 15    Int: 12    God:    Okawaru [......]
Gold:   204        SH:  0    Dex: 14    Spells: 12/12 levels left

rFire    . . .     SeeInvis .     - Unarmed
rCold    . . .     Gourm    .   (shield currently unavailable)
rNeg     . . .     Faith    .   (armour currently unavailable)
rPois    .         Spirit   .   (helmet currently unavailable)
rElec    .         Reflect  .   (cloak currently unavailable)
rCorr    .         Harm     .   (gloves currently unavailable)
MR       .....                  (boots currently unavailable)
Stlth    ++........             (no amulet)
HPRegen  0.21/turn              (ring currently unavailable)
MPRegen  0.13/turn              (ring currently unavailable)

@: pig-form, very quick
A: small, distributed training, strong nose
a: Renounce Religion


You were on level 5 of the Dungeon.
You worshipped Okawaru.
Okawaru was noncommittal.
You were not hungry.
You were a filthy swine.
You visited 2 branches of the dungeon, and saw 6 of its levels.

You collected 204 gold pieces.

Inventory:

Hand Weapons
 a - a +1 war axe
 u - a +1 vorpal war axe (melded)
Missiles
 t - 8 boomerangs (quivered)
Armour
 b - a +1 scale mail (melded)
 c - a +0 kite shield
 l - a +2 cloak (melded)
 s - a +0 buckler (melded)
Jewellery
 g - a ring of wizardry (melded)
 n - a ring of positive energy (melded)
Wands
 o - a wand of enslavement (4)
 v - a wand of flame (9)
Scrolls
 e - 4 scrolls of teleportation
 i - 2 scrolls of enchant armour
 j - a scroll of fear
 p - 2 scrolls of remove curse
 w - a scroll of immolation {unknown}
 y - 2 scrolls of blinking {unknown}
Potions
 d - 2 potions of might
 h - 2 potions of heal wounds
 k - 2 potions of stabbing {unknown}
 m - 2 potions of flight {unknown}
 q - a potion of curing {unknown}
 r - a potion of degeneration {unknown}
 z - a potion of cancellation {unknown}
Comestibles
 f - 12 rations


   Skills:
 + Level 7.2 Fighting
 + Level 2.8 Short Blades
 + Level 2.8 Long Blades
 + Level 5.4 Axes
 + Level 2.8 Maces & Flails
 + Level 2.8 Polearms
 + Level 2.8 Staves
 + Level 2.8 Slings
 + Level 2.8 Bows
 + Level 2.8 Crossbows
 + Level 2.8 Throwing
 + Level 7.2 Armour
 + Level 2.8 Dodging
 + Level 2.8 Stealth
 + Level 7.2 Shields
 + Level 2.8 Unarmed Combat
 + Level 2.8 Spellcasting
 + Level 2.3 Conjurations
 + Level 2.3 Hexes
 + Level 2.3 Charms
 + Level 2.3 Summonings
 + Level 2.3 Necromancy
 + Level 2.3 Translocations
 + Level 2.3 Transmutations
 + Level 2.3 Fire Magic
 + Level 2.3 Ice Magic
 + Level 2.3 Air Magic
 + Level 2.3 Earth Magic
 + Level 2.3 Poison Magic
 + Level 3.1 Invocations
 + Level 2.8 Evocations


You had 12 spell levels left.
You didn't know any spells.
Your spell library was empty.

Dungeon Overview and Level Annotations

Branches:
Dungeon (5/15)             Temple (1/1) D:4

Altars:
Cheibriados
Dithmenos
Elyvilon
Fedhas
Gozag
Hepliaklqana
Kikubaaqudgha
Makhleb
Nemelex Xobeh
Okawaru
Qazlal
Ru
Sif Muna
Trog
Uskayaw
Vehumet
Wu Jian
Xom
Yredelemnul
Zin
The Shining One

Annotations:
D:5 Dowan, Duvessa


Innate Abilities, Weirdness & Mutations

Your experience applies equally to all skills.
((You have very sharp teeth.))
Your uncanny sense of smell can sniff out nearby items.


Message History

Duvessa hits you with a +0 rapier.
Dowan points at you and mumbles some strange words.
The puff of frost hits you!
You barely miss Dowan.
Dowan is almost dead.
Duvessa hits you with a +0 rapier.
* * * LOW HITPOINT WARNING * * *
Dowan points at you and mumbles some strange words.
The puff of flame hits you.
* * * LOW HITPOINT WARNING * * *
You closely miss Dowan.
Dowan is almost dead.
Duvessa hits you with a +0 rapier!
* * * LOW HITPOINT WARNING * * *
You completely miss Dowan.
Dowan is almost dead.
Duvessa hits you with a +0 rapier.
* * * LOW HITPOINT WARNING * * *
Dowan barely misses you. Duvessa hits you with a +0 rapier!
You die...

#.. ... ..## #.# ...
...... #.. ..
#<...#### #.# #
#.#.....# #.. #
.....##.# #.###
######.#..##.###ee.#
#....#.#..#....#h#.#
#.##.#.#..#....#...#
#.##.#....#....'.#.#
...............#...#
#.##.###.##..#.#.#.#
#<.......##..###...#
###.#######..# #.###
....# #... #.. #####
#.####.#∆


You could see Duvessa (fast) and Dowan.

Vanquished Creatures
  Sigmund (D:4)
  2 ogres (D:4)
  A scorpion (D:4)
  A howler monkey (D:4)
  A crimson imp (D:5)
  2 hounds (D:4)
  Ijyb (D:3)
  An iguana (D:4)
  2 orc wizards (D:3)
  Natasha (thrice) (D:4)
  6 adders
  3 gnolls (D:3)
  A howler monkey skeleton (D:4)
  An ooze (D:1)
  2 worms
  2 dart slugs (D:1)
  A leopard gecko (D:1)
  16 orcs
  8 giant cockroaches
  8 hobgoblins
  2 quokkas
  A ball python skeleton (D:4)
  7 bats
  4 frilled lizards
  4 goblins
  3 kobolds (D:2)
  A quokka skeleton (D:4)
  6 rats
91 creatures vanquished.

Notes
Turn   | Place    | Note
-------+----------+-------------------------------------------
     0 | D:1      | thirtiethelement the Gnoll Fighter began the quest for the
                  | Orb.
     0 | D:1      | Reached XP level 1. HP: 23/23 MP: 1/1
   181 | D:1      | Reached XP level 2. HP: 27/29 MP: 2/2
   612 | D:1      | Reached XP level 3. HP: 35/35 MP: 3/3
   863 | D:2      | Found an opulent altar of Gozag.
   998 | D:2      | Reached skill level 1 in Invocations
  1071 | D:2      | Reached skill level 1 in Short Blades
  1071 | D:2      | Reached skill level 1 in Long Blades
  1071 | D:2      | Reached skill level 1 in Maces & Flails
  1071 | D:2      | Reached skill level 1 in Polearms
  1071 | D:2      | Reached skill level 1 in Staves
  1071 | D:2      | Reached skill level 1 in Slings
  1071 | D:2      | Reached skill level 1 in Bows
  1071 | D:2      | Reached skill level 1 in Crossbows
  1071 | D:2      | Reached skill level 1 in Throwing
  1071 | D:2      | Reached skill level 1 in Dodging
  1071 | D:2      | Reached skill level 1 in Stealth
  1071 | D:2      | Reached skill level 1 in Unarmed Combat
  1071 | D:2      | Reached skill level 1 in Spellcasting
  1071 | D:2      | Reached skill level 1 in Evocations
  1143 | D:2      | Reached XP level 4. HP: 35/41 MP: 5/5
  1362 | D:3      | Noticed Ijyb
  1379 | D:3      | Killed Ijyb
  1379 | D:3      | Reached skill level 1 in Conjurations
  1379 | D:3      | Reached skill level 1 in Hexes
  1379 | D:3      | Reached skill level 1 in Charms
  1379 | D:3      | Reached skill level 1 in Summonings
  1379 | D:3      | Reached skill level 1 in Necromancy
  1379 | D:3      | Reached skill level 1 in Translocations
  1379 | D:3      | Reached skill level 1 in Transmutations
  1379 | D:3      | Reached skill level 1 in Fire Magic
  1379 | D:3      | Reached skill level 1 in Ice Magic
  1379 | D:3      | Reached skill level 1 in Air Magic
  1379 | D:3      | Reached skill level 1 in Earth Magic
  1379 | D:3      | Reached skill level 1 in Poison Magic
  1526 | D:3      | Reached XP level 5. HP: 47/47 MP: 6/6
  1946 | D:3      | Reached XP level 6. HP: 53/53 MP: 8/8
  2341 | D:4      | Reached skill level 5 in Axes
  2404 | D:4      | Noticed Natasha
  2409 | D:4      | Killed Natasha
  2453 | D:4      | Reached XP level 7. HP: 59/59 MP: 10/10
  3000 | D:4      | Noticed Natasha
  3010 | D:4      | Killed Natasha
  3046 | D:4      | Found a staircase to the Ecumenical Temple.
  3048 | D:4      | Noticed Sigmund
  3070 | D:4      | Killed Sigmund
  3110 | Temple   | Entered the Ecumenical Temple
  3151 | Temple   | Became a worshipper of Warmaster Okawaru
  3255 | D:4      | Noticed Natasha
  3261 | D:4      | Killed Natasha
  3267 | D:5      | Entered Level 5 of the Dungeon
  3279 | D:5      | Reached XP level 8. HP: 67/67 MP: 12/12
  3317 | D:5      | Noticed Duvessa
  3318 | D:5      | Noticed Dowan
  3339 | D:5      | Mangled by Duvessa

Illustrated notes

Levels and vault maps discovered:
D:1:      dpeg_arrival_tiny_g, layout_loops_cross
D:2:      layout_rooms, first_ration, nicolae_gozag_seed_capital
D:3:      layout_loops_ring, uniq_ijyb
D:4:      layout_rooms, minmay_temple_entry_nine_rooms, uniq_natasha,
          uniq_sigmund
D:5:      layout_basic, ashenzari_conservatory_becter,
          hangedman_minor_gate_pass, uniq_grinder, uniq_edmund, uniq_duvessa
Temple:   compressed_dpeg_circular_temple

Skill      XL: |  1  2  3  4  5  6  7 |
---------------+----------------------+-----
Invocations    | 1 2 3 |  3.1
Short Blades   | 1 2 |  2.8
Long Blades    | 1 2 |  2.8
Maces & Flails | 1 2 |  2.8
Polearms       | 1 2 |  2.8
Staves         | 1 2 |  2.8
Slings         | 1 2 |  2.8
Bows           | 1 2 |  2.8
Crossbows      | 1 2 |  2.8
Throwing       | 1 2 |  2.8
Dodging        | 1 2 |  2.8
Stealth        | 1 2 |  2.8
Unarmed Combat | 1 2 |  2.8
Spellcasting   | 1 2 |  2.8
Evocations     | 1 2 |  2.8
Conjurations   | 1 2 |  2.3
Hexes          | 1 2 |  2.3
Charms         | 1 2 |  2.3
Summonings     | 1 2 |  2.3
Necromancy     | 1 2 |  2.3
Translocations | 1 2 |  2.3
Transmutations | 1 2 |  2.3
Fire Magic     | 1 2 |  2.3
Ice Magic      | 1 2 |  2.3
Air Magic      | 1 2 |  2.3
Earth Magic    | 1 2 |  2.3
Poison Magic   | 1 2 |  2.3
Axes           | 5 |  5.4
Fighting       | 7 |  7.2
Armour         | 7 |  7.2
Shields        | 7 |  7.2

Action                   |  1- 3 |  4- 6 |  7- 9 || total
-------------------------+-------+-------+-------++-------
Melee: War axe           |    88 |   128 |    67 ||   283
       Bite              |     4 |    12 |    11 ||    27
       Unarmed           |       |       |    11 ||    11
Throw: Boomerang         |       |       |     3 ||     3
  Use: Scroll            |     8 |     1 |     2 ||    11
  Eat: Chunk             |     1 |     4 |     3 ||     8
Armor: Scale mail        |    27 |    65 |    26 ||   118
Dodge: Dodged            |    16 |    45 |    52 ||   113
Block: Kite shield       |    48 |    31 |       ||    79
       Buckler           |       |    23 |    12 ||    35

Table legend:
 A = Non-vault XP
 B = Vault XP
 C = Vault XP percentage of total XP
 D = Non-vault monster count
 E = Vault monster count
 F = Vault count percentage of total count
                 A         B        C        D         E       F
            +---------+---------+-------+---------+---------+-------
      Total |     917 |     344 |  27.3 |      87 |       4 |   4.4
            +---------+---------+-------+---------+---------+-------
        D:1 |      42 |       0 |   0.0 |      21 |       0 |   0.0
        D:2 |      70 |       0 |   0.0 |      18 |       0 |   0.0
        D:3 |     178 |      36 |  16.8 |      26 |       1 |   3.7
        D:4 |     614 |     258 |  29.6 |      21 |       2 |   8.7
        D:5 |      13 |      50 |  79.4 |       1 |       1 |  50.0
            +---------+---------+-------+---------+---------+-------
